AoeStats
← Reformed Dolphin

Arena

510249222Analyzed
1v1 RM · 2d ago on Sep 30, 2026· 42m 11s· 2 players
Game mode
Random Map
Map size
Tiny (2 player)
Population
200
Speed
Normal
Resources
Standard
Victory
Conquest
Starting age
Dark Age
Ending age
Imperial Age
RankedLock teamsTeams togetherTeam positionsShared explorationLock speedFull tech treeHidden civsTurbo modeCheats
Victory
Defeat
🇲🇽 Mongols · Mexico
827
+14
🇺🇸 Burgundians · United States
785
-33
MindedGem187547
9:48 Feudal Age
10:26 Double-Bit Axe
16:20 Castle Age
15:22 Loom
15:35 Horse Collar
19:07 Wheelbarrow
22:54 Fletching
30:13 Imperial Age
28:02 Hand Cart
27:34 Town Watch
28:39 Bodkin Arrow
28:51 Scale Barding Armor
28:41 Gold Mining
29:12 Thumb Ring
29:25 Forging
30:29 Heavy Plow
30:53 Chain Barding Armor
30:41 Husbandry
30:52 Bloodlines
31:42 Gold Shaft Mining
31:41 Bow Saw
32:41 Iron Casting
34:11 Conscription
33:22 Heavy Camel Rider
36:04 Blast Furnace
35:05 Bracer
35:59 Town Patrol
38:42 Chemistry
37:48 Siege Engineers
37:55 Masonry
37:51 Padded Archer Armor
41:34 Leather Archer Armor
Reformed Dolphin
2:40 Wheelbarrow
13:10 Feudal Age
15:48 Town Watch
17:24 Horse Collar
17:35 Double-Bit Axe
18:51 Bow Saw
24:52 Castle Age
23:11 Scale Mail Armor
23:45 Scale Barding Armor
24:35 Forging
24:37 Heavy Plow
24:57 Cavalier
26:28 Stone Mining
26:32 Gold Mining
27:38 Husbandry
27:02 Light Cavalry
31:05 Hand Cart
30:59 Town Patrol
31:53 Gold Shaft Mining
31:57 Stone Shaft Mining
37:39 Burgundian Vineyards
Connection lost

Rejoining the realm…

Still unreachable

The connection could not be restored.

Session expired

The server has moved on; the page needs a fresh start.